 Dungeon Crawl Stone Soup version 0.29-a0-474-gdfe5cd140f (webtiles) character file.

Game seed: 6923927896819799641

123 jfcaron the Grave Robber (level 5, -1/63 HPs)
             Began as a Hill Orc Necromancer on May 23, 2022.
             Succumbed to a scorpion's poison
             ... on level 4 of the Dungeon.
             The game lasted 00:07:16 (3782 turns).

jfcaron the Grave Robber (Hill Orc Necromancer)     Turns: 3782, Time: 00:07:16

Health: -1/63      AC: 22    Str: 11 (13) XL:     5   Next: 7%
Magic:  8/8        EV:  2    Int: 14 (15) God:
Gold:   188        SH:  0    Dex:  9 (11) Spells: 7/8 levels left

rFire   + . .      SeeInvis .   r - +0 hand axe
rCold   + . .      Faith    .   (no shield)
rNeg    . . .      Spirit   .   (body armour currently unavailable)
rPois   +          Reflect  .   (helmet currently unavailable)
rElec   +          Harm     .   (cloak currently unavailable)
rCorr   +          Rampage  .   (gloves currently unavailable)
Will    .....      NoTele   +   (boots currently unavailable)
Stlth   +.........              y - amulet of magic regeneration
HPRegen 0.20/turn               (no ring)
MPRegen 0.51/turn               (no ring)

@: lethally poisoned (-1 -> -13), tree-form, resistant
A: stationary, stasis, torment immunity, boosted hp
a: no special abilities


You were on level 4 of the Dungeon.
You were a tree.
You visited 1 branch of the dungeon, and saw 4 of its levels.

You collected 188 gold pieces.

Inventory:

Hand Weapons
 d - a +0 whip
 e - a +0 long sword
 q - a +0 quarterstaff
 r - a +0 hand axe (weapon)
 v - a +0 hunting sling
Missiles
 f - 40 stones (quivered)
Armour
 a - a +0 robe
 j - a +1 pair of gloves (melded)
 k - a +0 leather armour
 o - a +0 pair of boots (melded)
 t - a +0 scale mail (melded)
Magical Staves
 z - a staff of earth
Jewellery
 y - an amulet of magic regeneration (around neck)
Wands
 s - a wand of polymorph (9)
Scrolls
 g - 3 scrolls of noise
 i - a scroll of fear
 p - a scroll of teleportation
Potions
 b - a potion of magic
 h - a potion of resistance
 m - a potion of attraction


   Skills:
 + Level 2.3 Fighting
 + Level 2.2 Axes
 + Level 2.1 Armour
 - Level 2.0 Dodging
 - Level 1.5 Stealth
 - Level 2.0 Spellcasting
 - Level 4.3 Necromancy


You had 7 spell levels left.
You knew the following spells:

 Your Spells              Type           Power      Damage    Failure   Level
a - Necrotize             Necr           52%        1d6       4%          1

Your spell library contained the following spells:

 Spells                   Type           Power      Damage    Failure   Level
 Vampiric Draining        Necr           13%        2d6       12%         3
 Foxfire                  Conj/Fire      4%         2x1d4     24%         1
 Static Discharge         Conj/Air       1%         N/A       34%         2
 Animate Dead             Necr           13%        N/A       36%         4
 Dispel Undead            Necr           13%        3d9       36%         4
 Conjure Flame            Conj/Fire      1%         6-21      56%         3
 Inner Flame              Hex/Fire       1%         N/A       56%         3
 Summon Guardian Golem    Hex/Summ       1%         N/A       56%         3
 Agony                    Necr           13%        N/A       73%         5
 Flame Wave               Conj/Fire      1%         2d4       93%         4
 Fulminant Prism          Conj/Hex       0%         3d6       93%         4
 Iskenderun's Mystic Bla  Conj/Tloc      1%         2d3       93%         4
 Sticky Flame             Conj/Fire      1%         2d3       93%         4
 Lee's Rapid Deconstruct  Erth           0%         3d5*      100%        5
 Orb of Destruction       Conj           0%         9d5       100%        7
 Spellforged Servitor     Conj/Summ      0%         N/A       100%        7


Dungeon Overview and Level Annotations

Branches:
Dungeon (4/15)
 Temple: D:4-7

Altars:
Gozag


Message History

You hit the scorpion.
The scorpion is heavily wounded.
You feel sick.
The scorpion stings you but does no damage.
The scorpion misses you.
You barely miss the scorpion.
The scorpion is heavily wounded.
You feel sick. The scorpion completely misses you.
You barely miss the scorpion.
The scorpion is heavily wounded.
You feel sick. The scorpion stings you.
You are lethally poisoned!
The scorpion poisons you! The scorpion closely misses you.
You closely miss the scorpion.
The scorpion is heavily wounded.
* * * LOW HITPOINT WARNING * * *
You feel very sick. The scorpion stings you.
* * * LOW HITPOINT WARNING * * *
You are more poisoned.
The scorpion poisons you!
It was a potion of lignification.
You turn into a tree.
Your +1 pair of gloves melds into your body.
Your +0 pair of boots melds into your body.
Your +0 scale mail melds into your body.
Your roots penetrate the ground.
* * * LOW HITPOINT WARNING * * *
You feel very sick.
The scorpion stings you but does no damage.
You barely miss the scorpion.
The scorpion is heavily wounded.
* * * LOW HITPOINT WARNING * * *
You feel very sick.
The scorpion stings you but does no damage.
The scorpion stings you.
* * * LOW HITPOINT WARNING * * *
Okay, then.
Unknown command.
You feel protected.
You die...

.(.....#
......#
.....# .
#....####..
#..........
#.(........
#..s.......
#..♣.......
#...)......
#####.....#
.....#
....# ....#
...# ...#


You could see a scorpion.

Vanquished Creatures
  An iguana (D:3)
  2 adders
  2 worms (D:3)
  4 dart slugs
  5 bats
  3 giant cockroaches
  9 goblins
  6 hobgoblins
  4 jackals (D:3)
  7 kobolds
  A quokka (D:1)
  5 ball pythons
  5 frilled lizards
  13 rats
  11 plants (D:3)
78 creatures vanquished.

Notes
Turn   | Place    | Note
-------+----------+-------------------------------------------
     0 | D:1      | jfcaron the Hill Orc Necromancer began the quest for the
                  | Orb.
     0 | D:1      | Reached XP level 1. HP: 14/14 MP: 3/3
    45 | D:1      | Reached XP level 2. HP: 19/20 MP: 0/4
   831 | D:1      | Reached XP level 3. HP: 24/26 MP: 4/6
  1369 | D:1      | Reached skill level 1 in Fighting
  1657 | D:2      | Reached skill level 1 in Armour
  1661 | D:2      | Found a faded altar of an unknown god.
  1784 | D:2      | Reached skill level 1 in Axes
  1784 | D:2      | Reached XP level 4. HP: 28/35 MP: 7/7
  2704 | D:3      | HP: 7/36 [iguana (11)]
  3180 | D:3      | Found an opulent altar of Gozag.
  3273 | D:3      | Reached XP level 5. HP: 41/41 MP: 8/8
  3779 | D:4      | HP: 8/42 [scorpion (1)]
  3781 | D:4      | HP: 2/63 [scorpion (2)]
  3782 | D:4      | Succumbed to a scorpion's poison

Illustrated notes

Levels and vault maps discovered:
D:1:      dpeg_arrival_ratfight, layout_loops_ring,
          nicolae_concentric_dashed_squares_mild
D:2:      layout_loops_ring, shapermc_ecumenical_altar_starsandcircs,
          st_stairs_6
D:3:      layout_rooms, mainiacjoe_overflow_tiny_flanked,
          minmay_misc_feat_ornament, grunt_ministairs_14, minivault_14,
          serial_bayou_lagoon_a, minivault_27
D:4:      layout_gridville

Skill      XL: |  1  2  3  4 |
---------------+-------------+-----
Dodging        | 2 |  2.0
Spellcasting   | 2 |  2.0
Fighting       | 1 2 |  2.3
Armour         | 1 2 |  2.1
Axes           | 1 2 |  2.2
Stealth        | |  1.5
Necromancy     | |  4.3

Action                   |  1- 3 |  4- 6 || total
-------------------------+-------+-------++-------
Melee: Whip              |    12 |       ||    12
       Long sword        |    23 |       ||    23
       Hand axe          |    26 |   123 ||   149
Throw: Stone             |    14 |    54 ||    68
       Dart              |       |     9 ||     9
 Cast: Necrotize         |    46 |       ||    46
  Use: Potion            |       |     7 ||     7
       Scroll            |       |     7 ||     7
Armor: Robe              |    11 |       ||    11
       Leather armour    |     8 |       ||     8
       Scale mail        |    15 |    62 ||    77
       Skin              |       |     2 ||     2
Dodge: Dodged            |    45 |    69 ||   114

Table legend: (Time is in decaauts)
 A = Elapsed time spent in this place.
 B = Non-inter-level travel time spent in this place.
 C = Inter-level travel time spent in this place.
 D = Time resting spent in this place.
 E = Time spent auto-exploring this place.
 F = Levels seen in this place.
 G = Mean time per level.
                   A        B        C        D        E       F      G
               +--------+--------+--------+--------+--------+-----+--------+
         Total |   3849 |   3551 |    298 |    897 |   2003 |   4 |  962.2 |
       Dungeon |   3849 |   3551 |    298 |    897 |   2003 |   4 |  962.2 |
               +--------+--------+--------+--------+--------+-----+--------+

Top non-repeatable levels by time:
     D:1: 1553 daAuts
     D:3: 1143 daAuts
     D:2: 1075 daAuts
     D:4: 77 daAuts
